AoeStats
← AOKI_Shogi

Nomad

509212712Analyzed
4v4 RM · 7d ago on Sep 25, 2026· 60m 29s· 8 players
Game mode
Random Map
Map size
231×231
Population
200
Speed
Normal
Resources
Standard
Victory
Conquest
Starting age
Dark Age
Ending age
Imperial Age
RankedLock teamsTeams togetherTeam positionsShared explorationLock speedFull tech treeHidden civsTurbo modeCheats
Victory
Defeat
🇹🇼 Celts · Taiwan
1426
+19
🇲🇽 Huns · Mexico
1400
+20
🇺🇾 Hindustanis · Uruguay
1394
+20
🇧🇪 Vikings · Belgium
1340
+22
🇲🇦 Berbers · Morocco
1643
-26
🇫🇷 Spanish · France
1540
-22
🇫🇷 Georgians · France
1409
-17
🇫🇷 Wu · France
1378
-16
smen
14:13 Feudal Age
12:31 Loom
19:32 Castle Age
18:06 Fletching
18:28 Bloodlines
20:14 Bodkin Arrow
22:08 Husbandry
22:50 Ballistics
27:05 Double-Bit Axe
30:39 Padded Archer Armor
31:53 Bow Saw
32:24 Leather Archer Armor
36:18 Thumb Ring
37:07 Gold Mining
37:07 Stone Mining
38:02 Town Watch
43:45 Imperial Age
41:55 Wheelbarrow
43:46 Hand Cart
44:51 Bracer
46:00 Chemistry
46:49 Gold Shaft Mining
47:09 Parthian Tactics
47:49 Conscription
47:30 Heavy Cavalry Archer
48:36 Scale Barding Armor
49:00 Light Cavalry
50:58 Chain Barding Armor
51:20 Marauders
52:29 Horse Collar
56:17 Plate Barding Armor
55:52 Forging
56:10 Heavy Plow
57:26 Two-Man Saw
56:13 Hussar
58:25 Iron Casting
58:56 Capped Ram
59:53 Masonry
61:18 Blast Furnace
60:37 Town Patrol
JINJIN
4:45 Loom
12:35 Feudal Age
17:25 Castle Age
15:35 Double-Bit Axe
16:24 Gold Mining
18:02 Wheelbarrow
18:29 Bow Saw
20:22 Horse Collar
22:53 Ballistics
28:00 Pikeman
29:13 Stone Mining
34:14 Gold Shaft Mining
33:41 Heavy Plow
36:52 Imperial Age
35:20 Hand Cart
38:16 Furor Celtica
38:01 Heavy Scorpion
38:16 Capped Ram
39:16 Siege Ram
39:25 Siege Ram
40:53 Siege Engineers
44:58 Chemistry
51:02 Halberdier
LanaAio
3:37 Loom
14:27 Feudal Age
19:47 Castle Age
18:24 Fishing Lines
18:45 Double-Bit Axe
20:44 Squires
20:05 Man-at-Arms
20:46 Scale Mail Armor
21:50 Forging
22:47 Long Swordsman
25:28 Gillnets
30:16 Fletching
35:06 Chain Mail Armor
39:53 Bow Saw
40:14 Bodkin Arrow
44:29 Imperial Age
41:37 Elite Skirmisher
44:59 Capped Ram
51:25 Two-Handed Swordsman
55:28 Champion
56:17 Siege Ram
[LdS]Nestoter
3:03 Loom
13:00 Feudal Age
16:59 Double-Bit Axe
20:18 Castle Age
19:09 Town Watch
27:40 Sanctity
28:15 Fervor
33:12 Horse Collar
35:40 Wheelbarrow
39:40 Imperial Age
39:05 Hand Cart
39:00 Scale Barding Armor
39:05 Forging
40:05 Bow Saw
40:37 Medium Warships
40:45 Husbandry
40:56 Bloodlines
40:07 Heavy Camel Rider
41:43 Heavy Warships
42:07 Careening
42:46 Clinker Construction
43:36 Chain Barding Armor
44:37 Carvel Hull
44:53 Heavy Plow
46:00 Plate Barding Armor
45:38 Gold Mining
47:11 Iron Casting
47:18 Imperial Camel Rider
49:46 Blast Furnace
51:55 Gold Shaft Mining
55:51 Two-Man Saw
57:56 Light Cavalry
59:00 Stone Mining
60:06 Hussar
Nux
13:34 Feudal Age
13:25 Loom
16:54 Castle Age
18:46 Medium Warships
18:31 Double-Bit Axe
24:58 Horse Collar
31:14 Gold Mining
34:14 Padded Archer Armor
34:25 Bloodlines
34:16 Husbandry
36:16 Leather Archer Armor
40:01 Wheelbarrow
39:12 Town Watch
42:39 Imperial Age
40:21 Fishing Lines
43:47 Conscription
43:52 Supremacy
43:38 Elite Conquistador
45:21 Ring Archer Armor
46:16 Bow Saw
46:11 Heavy Plow
46:28 Hand Cart
48:37 Chemistry
48:49 Masonry
51:49 Architecture
51:40 Ballistics
51:11 Fletching
52:12 Hoardings
53:37 Bodkin Arrow
53:39 Murder Holes
56:52 Pikeman
57:32 Squires
57:35 Scale Mail Armor
57:45 Forging
58:35 Halberdier
Yarcla
4:02 Loom
13:22 Feudal Age
16:35 Fishing Lines
18:59 Castle Age
18:09 Bloodlines
18:50 Double-Bit Axe
18:59 Gold Mining
22:48 Scale Barding Armor
22:43 Horse Collar
24:54 Bow Saw
25:39 Gillnets
26:48 Husbandry
27:42 Forging
28:13 Fletching
41:08 Stone Mining
43:54 Imperial Age
43:50 Bodkin Arrow
Skrillll
4:42 Loom
11:57 Feudal Age
12:31 Double-Bit Axe
12:27 Fishing Lines
15:25 Horse Collar
16:06 Town Watch
20:20 Wheelbarrow
28:15 Castle Age
29:59 Castle Age
31:19 Bow Saw
31:24 Heavy Plow
33:51 Hand Cart
35:39 Fletching
36:18 Stone Mining
36:19 Gold Mining
37:36 Bodkin Arrow
38:04 Bloodlines
37:54 Husbandry
40:12 Gillnets
42:55 Imperial Age
39:51 Light Cavalry
39:51 Light Cavalry
41:14 Padded Archer Armor
42:08 Kasbah
42:22 Scale Barding Armor
43:46 Chain Barding Armor
43:37 Forging
43:55 Bracer
44:53 Conscription
46:04 Ballistics
46:50 Forging
47:13 Leather Archer Armor
47:57 Plate Barding Armor
50:47 Iron Casting
51:47 Crop Rotation
51:43 Maghrebi Camels
52:18 Elite Camel Archer
57:03 Thumb Ring
58:50 Hussar
AOKI_Shogi
11:19 Loom
13:41 Feudal Age
14:14 Town Watch
14:17 Double-Bit Axe
14:16 Fishing Lines
19:28 Castle Age
18:09 Stone Mining
18:40 Gold Mining
19:06 Fletching
20:06 Padded Archer Armor
20:22 Bow Saw
20:04 Gillnets
20:56 Stone Shaft Mining
20:49 Bodkin Arrow
22:07 Leather Archer Armor
22:52 Wheelbarrow
24:09 Ballistics
25:19 Red Cliffs Tactics
28:38 Horse Collar
35:29 Imperial Age
35:40 Hand Cart
35:27 Heavy Plow
36:47 Bracer
37:49 Chemistry
38:37 Two-Man Saw
37:16 Elite Fire Archer
39:09 Conscription
39:59 Scale Mail Armor
40:10 Forging
41:04 Gold Shaft Mining
41:37 Chain Mail Armor
41:50 Masonry
41:36 Murder Holes
42:14 Squires
41:59 Arson
42:52 Iron Casting
43:49 Plate Mail Armor
44:46 Blast Furnace
49:11 Sitting Tiger
53:07 Architecture
52:43 Onager
Connection lost

Rejoining the realm…

Still unreachable

The connection could not be restored.

Session expired

The server has moved on; the page needs a fresh start.